 Dungeon Crawl Stone Soup version 0.28-a0-616-gdeb3d7f7b4 (webtiles) character file.

Game seed: 6399319187176260904

842 Ijustatesigmund the Shield-Bearer (level 8, -7/67 HPs)
             Began as a Gnoll Fighter on Oct 6, 2021.
             Mangled by Edmund (13 damage)
             ... on level 5 of the Dungeon.
             The game lasted 00:05:16 (3478 turns).

Ijustatesigmund the Shield-Bearer (Gnoll Fighter)   Turns: 3478, Time: 00:05:17

Health: -7/67      AC:  7    Str: 17      XL:     8   Next: 0%
Magic:  12/12      EV: 10    Int:  9      God:
Gold:   139        SH:  5    Dex:  9 (11) Spells: 12/12 levels left

rFire   . . .      SeeInvis .   a - +0 war axe
rCold   . . .      Faith    .   c - +0 buckler
rNeg    . . .      Spirit   .   b - +0 scale mail
rPois   .          Reflect  .   (no helmet)
rElec   +          Harm     .   (no cloak)
rCorr   .          Rampage  .   (no gloves)
Will    .....                   (no boots)
Stlth   +.........              (no amulet)
HPRegen 0.21/turn               (no ring)
MPRegen 0.13/turn               (no ring)

@: flying (expiring)
A: fangs 1, strong nose, distributed training, deterioration 1, electricity
resistance
a: no special abilities


You were on level 5 of the Dungeon.
You visited 1 branch of the dungeon, and saw 5 of its levels.

You collected 139 gold pieces.

Inventory:

Hand Weapons
 a - a +0 war axe (weapon)
Armour
 b - a +0 scale mail (worn)
 c - a +0 buckler (worn)
Jewellery
 g - a ring of magical power
Wands
 j - a wand of charming (6)
Scrolls
 l - a scroll of identify
Potions
 h - 2 potions of mutation
 i - a potion of brilliance


   Skills:
 + Level 7.2 Fighting
 + Level 2.8 Short Blades
 + Level 2.8 Long Blades
 + Level 5.4 Axes
 + Level 2.8 Maces & Flails
 + Level 2.8 Polearms
 + Level 2.8 Staves
 + Level 2.8 Slings
 + Level 2.8 Bows
 + Level 2.8 Crossbows
 + Level 2.8 Throwing
 + Level 7.2 Armour
 + Level 2.8 Dodging
 + Level 2.8 Stealth
 + Level 7.2 Shields
 + Level 2.8 Unarmed Combat
 + Level 2.8 Spellcasting
 + Level 2.3 Conjurations
 + Level 2.3 Hexes
 + Level 2.3 Summonings
 + Level 2.3 Necromancy
 + Level 2.3 Translocations
 + Level 2.3 Transmutations
 + Level 2.3 Fire Magic
 + Level 2.3 Ice Magic
 + Level 2.3 Air Magic
 + Level 2.3 Earth Magic
 + Level 2.3 Poison Magic
 + Level 3.1 Invocations
 + Level 2.8 Evocations


You had 12 spell levels left.
You didn't know any spells.
Your spell library contained the following spells:

 Spells                   Type           Power      Damage    Failure   Level
 Ignite Poison            Fire/Tmut/Pois 5%         N/A       71%         3
 Mephitic Cloud           Conj/Pois/Air  5%         N/A       71%         3
 Ozocubu's Armour         Ice            5%         N/A       71%         3
 Passage of Golubria      Tloc           N/A        N/A       98%         4
 Fireball                 Conj/Fire      2%         3d4       100%        5
 Freezing Cloud           Conj/Ice/Air   2%         6-21      100%        5
 Silence                  Hex/Air        2%         N/A       100%        5
 Lehudib's Crystal Spear  Conj/Erth      2%         10d2      100%        8
 Fire Storm               Conj/Fire      2%         8d1       100%        9


Dungeon Overview and Level Annotations

Branches:
Dungeon (5/15)
 Temple: D:4-7

Altars:
Vehumet

Annotations:
D:4 Robin
D:5 Edmund


Innate Abilities, Weirdness & Mutations

You have very sharp teeth.
Your uncanny sense of smell can sniff out nearby items.
Your experience applies equally to all skills.
Your body sometimes deteriorates upon taking damage.
You are resistant to electric shocks. (rElec)


Message History

Edmund is moderately wounded.
Edmund hits you with a +4 dire flail of holy wrath.
It was a potion of mutation.
You feel extremely strange.
You feel insulated.
You feel yourself wasting away.
Edmund hits you with a +4 dire flail of holy wrath!
Your body deteriorates!
You feel clumsy.
It was a potion of curing.
You feel better.
Edmund hits you with a +4 dire flail of holy wrath!
* * * LOW HITPOINT WARNING * * *
Your body deteriorates!
You feel clumsy.
It was a potion of attraction.
You feel attractive to monsters.
Edmund hits you with a +4 dire flail of holy wrath!
* * * LOW HITPOINT WARNING * * *
You feel better. Edmund misses you.
It was a potion of flight.
You feel very buoyant.
You fly up into the air.
Edmund barely misses you.
As you read the scroll of summoning, it crumbles to dust.
Wisps of shadow whirl around you...
Edmund hits you with a +4 dire flail of holy wrath!
* * * LOW HITPOINT WARNING * * *
Your hound bites Edmund.
Your orc closely misses Edmund.
Your ogre hits Edmund with a +0 giant spiked club!
Your hound bites Edmund.
Okay, then.
You see here 13 poisoned darts.
Your hound barely misses Edmund.
Your hound bites Edmund but does no damage.
Your hound closely misses Edmund.
Your hound bites Edmund but does no damage.
Edmund says, "Everyone always remembers my brother. 'Who's Edmund?' they ask!"
Your hound barely misses Edmund.
Your hound bites Edmund but does no damage.
Your hound barely misses Edmund.
You feel less attractive to monsters.
You hit Edmund but do no damage.
Edmund is heavily wounded.
You are starting to lose your buoyancy.
Edmund hits you with a +4 dire flail of holy wrath!
You die...

#.##############
#.# #.# #.# #.#
#.## #..##
#...## o #.@..##
o. ##@#..## ..
#h##..## .#
#.###..## ..#
#o'.##..#...#
#O###.#.....#
#.##..##....#
#.#...###...#
#...).'.##..#


You could see Edmund (ally target), a friendly ogre (summoned), a friendly hound
(summoned) and a friendly orc (summoned).

Vanquished Creatures
  Grinder (D:5)
  An ice beast (D:5)
  A scorpion (D:5)
  3 wights (D:4)
  3 orc priests (D:5)
  A hound (D:4)
  A jelly (D:4)
  3 orc wizards
  A mummy (D:5)
  A howler monkey skeleton (D:4)
  3 adders
  A shadow imp (D:5)
  An ufetubus (D:4)
  An adder skeleton (D:5)
  A dart slug (D:3)
  17 orcs
  3 endoplasms
  2 giant cockroaches
  15 goblins
  7 hobgoblins
  4 kobolds
  2 quokkas
  5 ball pythons
  4 bats (D:1)
  2 hobgoblin zombies (D:5)
  5 rats
89 creatures vanquished.

Notes
Turn   | Place    | Note
-------+----------+-------------------------------------------
     0 | D:1      | Ijustatesigmund the Gnoll Fighter began the quest for the
                  | Orb.
     0 | D:1      | Reached XP level 1. HP: 23/23 MP: 1/1
    56 | D:1      | Reached XP level 2. HP: 29/29 MP: 2/2
   358 | D:1      | Got the Compendium of the Volcanoes and the Frostbite
   509 | D:1      | Reached XP level 3. HP: 35/35 MP: 3/3
   562 | D:1      | Found a faded altar of an unknown god.
   864 | D:2      | Reached skill level 1 in Invocations
  1414 | D:3      | Reached skill level 1 in Short Blades
  1414 | D:3      | Reached skill level 1 in Long Blades
  1414 | D:3      | Reached skill level 1 in Maces & Flails
  1414 | D:3      | Reached skill level 1 in Polearms
  1414 | D:3      | Reached skill level 1 in Staves
  1414 | D:3      | Reached skill level 1 in Slings
  1414 | D:3      | Reached skill level 1 in Bows
  1414 | D:3      | Reached skill level 1 in Crossbows
  1414 | D:3      | Reached skill level 1 in Throwing
  1414 | D:3      | Reached skill level 1 in Dodging
  1414 | D:3      | Reached skill level 1 in Stealth
  1414 | D:3      | Reached skill level 1 in Unarmed Combat
  1414 | D:3      | Reached skill level 1 in Spellcasting
  1414 | D:3      | Reached skill level 1 in Evocations
  1589 | D:3      | Reached XP level 4. HP: 39/41 MP: 5/5
  1609 | D:3      | Found a radiant altar of Vehumet.
  1922 | D:4      | Reached skill level 1 in Conjurations
  1922 | D:4      | Reached skill level 1 in Hexes
  1922 | D:4      | Reached skill level 1 in Summonings
  1922 | D:4      | Reached skill level 1 in Necromancy
  1922 | D:4      | Reached skill level 1 in Translocations
  1922 | D:4      | Reached skill level 1 in Transmutations
  1922 | D:4      | Reached skill level 1 in Fire Magic
  1922 | D:4      | Reached skill level 1 in Ice Magic
  1922 | D:4      | Reached skill level 1 in Air Magic
  1922 | D:4      | Reached skill level 1 in Earth Magic
  1922 | D:4      | Reached skill level 1 in Poison Magic
  2003 | D:4      | Reached XP level 5. HP: 31/47 MP: 5/7
  2259 | D:4      | Noticed Robin
  2285 | D:4      | Reached XP level 6. HP: 23/53 MP: 8/8
  2290 | D:4      | Reached skill level 5 in Axes
  2293 | D:5      | Entered Level 5 of the Dungeon
  2558 | D:5      | Reached XP level 7. HP: 36/59 MP: 10/10
  2830 | D:5      | Noticed Grinder
  2842 | D:5      | Killed Grinder
  3303 | D:5      | Reached XP level 8. HP: 67/67 MP: 12/12
  3441 | D:5      | Noticed Edmund
  3453 | D:5      | Gained mutation: You are resistant to electric shocks.
                  | (rElec) [potion of mutation]
  3453 | D:5      | Gained mutation: Your body sometimes deteriorates upon
                  | taking damage. [potion of mutation]
  3458 | D:5      | HP: 2/67 [Edmund (15)]
  3478 | D:5      | Mangled by Edmund

Illustrated notes

Levels and vault maps discovered:
D:1:      amcnicky_arrival_double_pillar, layout_rooms,
          hellmonk_ecumenical_altar_zigzags
D:2:      layout_loops_ring
D:3:      layout_rooms, mainiacjoe_overflow_boulevard, minivault_23,
          chequers_avenue, amcnicky_mini_corridor_feature
D:4:      layout_loops_ring, uniq_robin
D:5:      layout_basic, jmf_multi_god_temple, nicolae_ossuary_entry_giza,
          minmay_misc_feat_enclosed, uniq_grinder, uniq_edmund

Skill      XL: |  1  2  3  4  5  6  7 |
---------------+----------------------+-----
Invocations    | 1 2 3 |  3.1
Short Blades   | 1 2 |  2.8
Long Blades    | 1 2 |  2.8
Maces & Flails | 1 2 |  2.8
Polearms       | 1 2 |  2.8
Staves         | 1 2 |  2.8
Slings         | 1 2 |  2.8
Bows           | 1 2 |  2.8
Crossbows      | 1 2 |  2.8
Throwing       | 1 2 |  2.8
Dodging        | 1 2 |  2.8
Stealth        | 1 2 |  2.8
Unarmed Combat | 1 2 |  2.8
Spellcasting   | 1 2 |  2.8
Evocations     | 1 2 |  2.8
Conjurations   | 1 2 |  2.3
Hexes          | 1 2 |  2.3
Summonings     | 1 2 |  2.3
Necromancy     | 1 2 |  2.3
Translocations | 1 2 |  2.3
Transmutations | 1 2 |  2.3
Fire Magic     | 1 2 |  2.3
Ice Magic      | 1 2 |  2.3
Air Magic      | 1 2 |  2.3
Earth Magic    | 1 2 |  2.3
Poison Magic   | 1 2 |  2.3
Axes           | 5 |  5.4
Fighting       | 7 |  7.2
Armour         | 7 |  7.2
Shields        | 7 |  7.2

Action                   |  1- 3 |  4- 6 |  7- 9 || total
-------------------------+-------+-------+-------++-------
Melee: War axe           |    91 |   100 |    79 ||   270
       Bite              |     8 |    12 |    12 ||    32
  Use: Scroll            |     3 |     3 |     1 ||     7
       Potion            |       |     1 |     6 ||     7
Armor: Scale mail        |    38 |    67 |    24 ||   129
Dodge: Dodged            |    45 |    58 |    25 ||   128
Block: Buckler           |    31 |    41 |    29 ||   101

Table legend: (Time is in decaauts)
 A = Elapsed time spent in this place.
 B = Non-inter-level travel time spent in this place.
 C = Inter-level travel time spent in this place.
 D = Time resting spent in this place.
 E = Time spent auto-exploring this place.
 F = Levels seen in this place.
 G = Mean time per level.
                   A        B        C        D        E       F      G
               +--------+--------+--------+--------+--------+-----+--------+
         Total |   3554 |   3503 |     51 |    119 |   2752 |   5 |  710.8 |
       Dungeon |   3554 |   3503 |     51 |    119 |   2752 |   5 |  710.8 |
               +--------+--------+--------+--------+--------+-----+--------+

Top non-repeatable levels by time:
     D:5: 1220 daAuts
     D:2: 731 daAuts
     D:1: 649 daAuts
     D:3: 566 daAuts
     D:4: 386 daAuts
